 Dungeon Crawl Stone Soup version 0.27-a0-1158-gaa87e14f67 (webtiles) character file.

Game seed: 15373921366822788910

340 AtomicRavioli the Insei (level 6, -3/43 HPs)
             Began as a Demonspawn Transmuter on May 16, 2021.
             Was an Initiate of Makhleb.
             Slain by a gnoll sergeant
             ... wielding a +0 spear of flaming
              (8 damage)
             ... on level 3 of the Dungeon.
             The game lasted 00:05:19 (3597 turns).

AtomicRavioli the Insei (Demonspawn Transmuter)     Turns: 3597, Time: 00:05:20

Health: -3/43      AC:  6    Str: 10    XL:     6   Next: 30%
Magic:  7/10       EV: 14    Int: 15    God:    Makhleb [......]
Gold:   138        SH:  0    Dex: 15    Spells: 3/11 levels left

rFire    . . .     SeeInvis .     - Unarmed
rCold    . . .     Faith    +   (no shield)
rNeg     . . .     Spirit   .   a - +0 robe
rPois    .         Reflect  .   (helmet currently unavailable)
rElec    .         Harm     .   (no cloak)
rCorr    .         Rampage  .   (no gloves)
Will     .....                  (boots currently unavailable)
Stlth    ++........             b - amulet of faith
HPRegen  0.14/turn              e - +4 ring of slaying
MPRegen  0.12/turn              h - +4 ring of protection

@: appendages, wereblooded, hasted, very quick
A: horns 2, talons 2, claws 1, repulsion field 1, spiny 1, demonic magic 1
a: End Transformation, Renounce Religion


You were on level 3 of the Dungeon.
You worshipped Makhleb.
Makhleb was noncommittal.
You had temporarily grown beastly horns and talons.
You visited 1 branch of the dungeon, and saw 3 of its levels.

You collected 138 gold pieces.

Inventory:

Missiles
 j - a throwing net
Armour
 a - a +0 robe (worn)
Jewellery
 b - an amulet of faith (around neck)
 e - a +4 ring of slaying (left claw)
 h - a +4 ring of protection (right claw)
 i - a ring of ice
Scrolls
 d - 2 scrolls of fog {unknown}
 f - 2 scrolls of immolation {unknown}
Potions
 c - 2 potions of haste
 g - 2 potions of might
 k - a potion of cancellation {unknown}
 l - a potion of curing {unknown}


   Skills:
 + Level 1.3 Fighting
 - Level 1.9 Dodging
 + Level 2.0 Stealth
 + Level 4.4 Unarmed Combat
 + Level 3.2 Spellcasting
 + Level 3.4 Transmutations


You had 3 spell levels left.
You knew the following spells:

 Your Spells              Type           Power      Damage    Failure   Level
a - Beastly Appendage     Tmut           24%        N/A       4%          1
b - Wereblood             Tmut           12%        N/A       7%          2
c - Searing Ray           Conj           4%         3d3       30%         2
d - Spider Form           Tmut/Pois      3%         N/A       28%         3

Your spell library contained the following spells:

 Spells                   Type           Power      Damage    Failure   Level
 Animate Skeleton         Necr           4%         N/A       21%         1
 Apportation              Tloc           4%         N/A       21%         1
 Corona                   Hex            2%         N/A       21%         1
 Magic Dart               Conj           8%         1d3       21%         1
 Summon Small Mammal      Summ           8%         N/A       21%         1
 Dazzling Flash           Conj/Hex       4%         N/A       52%         3
 Ice Form                 Ice/Tmut       7%         N/A       67%         4
 Hydra Form               Tmut           6%         N/A       78%         5
 Fulminant Prism          Conj/Hex       1%         3d6       89%         4
 Iskenderun's Mystic Bla  Conj/Tloc      2%         2d3       89%         4


Dungeon Overview and Level Annotations

Branches:
Dungeon (3/15)

Altars:
Gozag
Makhleb

Shops:
D:2 (


Innate Abilities, Weirdness & Mutations

You have temporarily grown beastly horns and talons.
You have sharp fingernails.
You are surrounded by a mild repulsion field. (EV +2)
You are partially covered in sharp spines.
Spells you cast may paralyse adjacent enemies.


Message History

You grow a pair of large bovine horns.
Your feet morph into talons.
Malevolent energies surge around you.
The orc suddenly stops moving!
The orc is struck by your spines.
You kill the orc!
Makhleb accepts your kill.
The helpless gnoll fails to defend itself.
You claw the gnoll!
You kill the gnoll!
Makhleb accepts your kill. The orc is struck by your spines.
You kill the orc!
Makhleb accepts your kill.
The helpless orc fails to defend itself.
You claw the orc!
You kill the orc!
Makhleb accepts your kill.
The gnoll sergeant hits you but does no damage.
The orc is struck by your spines. The orc closely misses you.
You claw the orc!
You kill the orc!
Makhleb accepts your kill. The gnoll misses you.
The gnoll sergeant closely misses you.
You scratch the gnoll.
The gnoll is moderately wounded.
The gnoll hits you with a +0 whip. The gnoll is struck by your spines.
The gnoll hits you with a +0 whip.
The gnoll hits you from afar with a +0 spear.
The gnoll sergeant hits you but does no damage.
The gnoll barely misses you.
The gnoll sergeant hits you with a +0 spear of flaming.
* * * LOW HITPOINT WARNING * * *
The gnoll sergeant burns you.
* * * LOW HITPOINT WARNING * * *
There is a large open door here.
You feel yourself speed up. The gnoll hits you with a +0 whip.
* * * LOW HITPOINT WARNING * * *
The gnoll hits you but does no damage. The gnoll is struck by your spines.
The gnoll closely misses you.
The gnoll sergeant hits you with a +0 spear of flaming!
You die...

............................#
..#
###########''''#############...#
#....# ...#'### #....# .....
#....# ...# #....#########)'##[#
..#....#).).))......$#
..'....g.g8#))......(#
..'...g@g.8#..##g'##.#
..#8..8#......# ...#
############# ..... ...#g#
####... ..


You could see a gnoll sergeant and 3 gnolls.

Vanquished Creatures
  A howler monkey (D:3)
  A bullfrog zombie (D:2)
  An orc wizard (D:3)
  Terence (D:2)
  An adder (D:2)
  10 gnolls
  A howler monkey skeleton (D:3)
  2 worms (D:2)
  3 dart slugs
  14 orcs (D:3)
  7 endoplasms
  5 goblins
  8 hobgoblins
  5 jackals (D:3)
  A quokka (D:3)
  4 ball pythons
  6 bats
  5 frilled lizards
  4 kobolds
  5 rats
85 creatures vanquished.

Notes
Turn   | Place    | Note
-------+----------+-------------------------------------------
     0 | D:1      | AtomicRavioli the Demonspawn Transmuter began the quest for
                  | the Orb.
     0 | D:1      | Reached XP level 1. HP: 15/15 MP: 3/3
    86 | D:1      | Reached skill level 3 in Unarmed Combat
   278 | D:1      | Gained mutation: Spells you cast may paralyse adjacent
                  | enemies. [demonic ancestry]
   278 | D:1      | Reached XP level 2. HP: 13/21 MP: 5/5
   417 | D:1      | Learned a level 2 spell: Wereblood
   420 | D:1      | Learned a level 2 spell: Searing Ray
  1299 | D:2      | Gained mutation: You are surrounded by a mild repulsion
                  | field. (EV +2) [demonic ancestry]
  1299 | D:2      | Reached XP level 3. HP: 16/26 MP: 3/6
  1469 | D:2      | Found Nalylenk's Antique Weapon Shoppe.
  1480 | D:2      | Reached skill level 1 in Stealth
  1937 | D:2      | Gained mutation: You are partially covered in sharp spines.
                  | [demonic ancestry]
  1937 | D:2      | Reached XP level 4. HP: 32/32 MP: 7/7
  2610 | D:2      | Noticed Terence
  2626 | D:2      | Killed Terence
  2627 | D:2      | Reached XP level 5. HP: 14/37 MP: 5/8
  2915 | D:3      | Reached skill level 4 in Unarmed Combat
  3167 | D:3      | Found an opulent altar of Gozag.
  3300 | D:3      | Found a burning altar of Makhleb.
  3367 | D:3      | Became a worshipper of Makhleb the Destroyer
  3561 | D:3      | Gained mutation: You have sharp fingernails. [demonic
                  | ancestry]
  3561 | D:3      | Reached XP level 6. HP: 29/43 MP: 7/10
  3578 | D:3      | Learned a level 3 spell: Spider Form
  3597 | D:3      | Slain by a gnoll sergeant

Illustrated notes

Levels and vault maps discovered:
D:1:      lemuel_arrival_behind_the_door_large, layout_loops_ring,
          minmay_heptomino_d4
D:2:      layout_rooms, serial_shops, shop, columned_hall_lemuel, uniq_terence
D:3:      lemuel_castle_with_subvaults [lemuel_castle_interior_carwin_2],
          layout_basic, nicolae_overflow_crystal_walls, lemuel_doored_altar,
          small_statue_intersection, uniq_sigmund

Skill      XL: |  1  2  3  4  5  6 |
---------------+-------------------+-----
Unarmed Combat | 3 4 |  4.4
Transmutations | 2 3 |  3.4
Stealth        | 1 2 |  2.0
Spellcasting   | 3 |  3.2
Fighting       | |  1.3
Dodging        | |  1.9

Action                   |  1- 3 |  4- 6 || total
-------------------------+-------+-------++-------
Melee: Unarmed           |    87 |    88 ||   175
       Kick              |     9 |    13 ||    22
       Punch             |     1 |     1 ||     2
       Headbutt          |     5 |     3 ||     8
 Cast: Beastly Appendage |    10 |    12 ||    22
       Wereblood         |     4 |    10 ||    14
       Searing Ray       |     1 |     1 ||     2
  Use: Scroll            |       |     2 ||     2
       Potion            |       |     1 ||     1
 Stab: Paralysed         |     3 |     2 ||     5
       Sleeping          |     2 |       ||     2
Armor: Robe              |    16 |    19 ||    35
Dodge: Dodged            |    43 |    74 ||   117

Table legend: (Time is in decaauts)
 A = Elapsed time spent in this place.
 B = Non-inter-level travel time spent in this place.
 C = Inter-level travel time spent in this place.
 D = Time resting spent in this place.
 E = Time spent auto-exploring this place.
 F = Levels seen in this place.
 G = Mean time per level.
                   A        B        C        D        E       F      G
               +--------+--------+--------+--------+--------+-----+--------+
         Total |   3584 |   3496 |     88 |   1075 |   1834 |   3 | 1194.7 |
       Dungeon |   3584 |   3496 |     88 |   1075 |   1834 |   3 | 1194.7 |
               +--------+--------+--------+--------+--------+-----+--------+

Top non-repeatable levels by time:
     D:1: 1571 daAuts
     D:2: 1314 daAuts
     D:3: 699 daAuts
